 Dungeon Crawl Stone Soup version 0.23.2-1-ga50397a6bc (webtiles) character file.

Game seed: 10383562387174740585

603277 u8823 the Axe Maniac (level 27, -7/218 HPs)
             Began as a Hill Orc Fighter on May 17, 2019.
             Was the Champion of Makhleb.
             Mangled by Eje Mei the pandemonium lord (12 damage)
             ... on level 5 of the Realm of Zot.
             The game lasted 03:56:04 (59848 turns).

u8823 the Axe Maniac (Hill Orc Fighter)            Turns: 59848, Time: 03:56:08

Health: -7/218     AC: 43    Str: 41    XL:     27
Magic:  23/23      EV: 20    Int: 11    God:    Makhleb [******]
Gold:   1672       SH:  0    Dex: 15    Spells: 26/26 levels left

rFire    + . .     SeeInvis .   s - +8 frozen axe "Frostbite" {freezing cloud, *Noise +Fly rC+}
rCold    + . .     Gourm    .   (shield currently unavailable)
rNeg     . . .     Faith    .   T - +5 crystal plate armour
rPois    .         Spirit   .   b - +2 helmet
rElec    +         Reflect  .   (no cloak)
rCorr    .         Harm     .   r - +2 pair of gloves
MR       +++..                  U - +0 pair of boots "Xuoptan" {rElec Str+3}
Stlth    ..........             I - amulet of Nolyg {MR+ Regen+}
HPRegen  0.86/turn              q - ring "Hyiqoo" {Fire rElec Str+2 Int+3 Dex+3 Stlth+}
MPRegen  0.18/turn              l - ring of Yendor {MP-9 Str+5 Dex+3 Stlth+}

@: berserk cooldown, hasted and slowed, lightly drained
A: blurry vision 1, clumsy 1, cold resistance 1, frail 2
0: Orb of Zot
}: 3/15 runes: decaying, silver, gossamer
a: Minor Destruction, Lesser Servant of Makhleb, Major Destruction, Greater
Servant of Makhleb, Renounce Religion, Evoke Flight


You were on level 5 of the Realm of Zot.
You worshipped Makhleb.
Makhleb was exalted by your worship.
You were very hungry.

You visited 11 branches of the dungeon, and saw 49 of its levels.
You visited 1 bazaar.
You also visited: Sewer, Ice Cave and Volcano.

You collected 4756 gold pieces.
You spent 3084 gold pieces at shops.

Inventory:

Hand Weapons
 s - the +8 frozen axe "Frostbite" (weapon) {freezing cloud, *Noise +Fly rC+}
   (You bought it in a shop on level 8 of the Dungeon)

   It has been specially enchanted to freeze those struck by it, causing extra
   injury to most foes and up to half again as much damage against particularly
   susceptible opponents.
   It can also slow down cold-blooded creatures.
   It protects you from cold.
   It lets you fly.
   It may make noises in combat.
 y - a +8 club of electrocution
Missiles
 o - 10 javelins (quivered)
Armour
 b - a +2 helmet (worn)
 c - a scarf of resistance
 j - the +3 cloak "Vaofe" {Str+3 Int+4}
   (You found it on level 1 of the Orcish Mines)

   It affects your strength (+3).
   It affects your intelligence (+4).
 r - a +2 pair of gloves (worn)
 H - the +4 plate armour of the Evening {rF+}
   (You found it on level 3 of the Depths)

   It protects you from fire.
 T - a +5 crystal plate armour (worn)
 U - the +0 pair of boots "Xuoptan" (worn) {rElec Str+3}
   (You acquired it on level 1 of the Vaults)

   It affects your strength (+3).
   It insulates you from electricity.
Jewellery
 a - an uncursed ring of protection from cold
 d - the ring "Itel" {Wiz *Corrode +Inv rPois MR++}
   (You found it on level 2 of the Vaults)

   [ring of wizardry]

   It improves your spell success rate.
   It protects you from poison.
   It affects your resistance to hostile enchantments.
   It lets you turn invisible.
   It may corrode you when you take damage.
 l - the ring of Yendor (right hand) {MP-9 Str+5 Dex+3 Stlth+}
   (You found it on level 14 of the Dungeon)

   [ring of dexterity]

   It affects your strength (+5).
   It affects your dexterity (+3).
   It affects your magic capacity (-9).
   It makes you more stealthy.
 q - the ring "Hyiqoo" (left hand) {Fire rElec Str+2 Int+3 Dex+3 Stlth+}
   (You found it on level 14 of the Dungeon)

   [ring of fire]

   It enhances your fire magic.
   It affects your strength (+2).
   It affects your intelligence (+3).
   It affects your dexterity (+3).
   It protects you from fire.
   It makes you vulnerable to cold.
   It insulates you from electricity.
   It makes you more stealthy.
 w - an uncursed ring of resist corrosion
 z - the ring "Xuaroy Bojab" {rElec MR+ EV+2 Str+4}
   (You found it on level 5 of the Vaults)

   [ring of evasion]

   It affects your evasion (+2).
   It affects your strength (+4).
   It insulates you from electricity.
   It affects your resistance to hostile enchantments.
 F - the ring of False Hope {+Fly rN+ MP+9 SInv}
   (You found it on level 14 of the Dungeon)

   [ring of flight]

   It protects you from negative energy.
   It affects your magic capacity (+9).
   It lets you see invisible.
   It lets you fly.
 G - an uncursed ring of protection from fire
 I - the amulet of Nolyg (around neck) {MR+ Regen+}
   (You found it on level 12 of the Dungeon)

   [amulet of regeneration]

   It affects your resistance to hostile enchantments.
   It increases your rate of regeneration.
 Q - the ring "Jexzakh" {rN+ Str+4 Stlth+}
   (You found it on level 1 of the Realm of Zot)

   [ring of strength]

   It affects your strength (+4).
   It protects you from negative energy.
   It makes you more stealthy.
 V - the ring of Oday {Ice +Fly rN+}
   (You found it on level 14 of the Dungeon)

   [ring of ice]

   It enhances your ice magic.
   It makes you vulnerable to fire.
   It protects you from cold.
   It protects you from negative energy.
   It lets you fly.
Wands
 g - a wand of disintegration (61)
 i - a wand of enslavement (15)
 A - a wand of digging (22)
 B - a wand of iceblast (21)
 D - a wand of flame (54)
 J - a wand of paralysis (21)
 K - a wand of acid (1)
Scrolls
 e - 7 scrolls of teleportation
 k - 3 scrolls of fear
 m - 26 scrolls of remove curse
 C - 3 scrolls of amnesia
 M - 2 scrolls of enchant weapon
 P - a scroll of fog
 W - a scroll of summoning
 X - a scroll of holy word
 Y - 5 scrolls of silence
Potions
 h - 6 potions of ambrosia
 n - 5 potions of haste
 p - 17 potions of curing
 u - 3 potions of magic
 v - a potion of mutation
 x - a potion of might
 E - 5 potions of agility
 O - a potion of cancellation
 R - 4 potions of berserk rage
Miscellaneous
 N - a box of beasts
Comestibles
 f - 37 rations
 L - 4 chunks of flesh


   Skills:
 O Level 27(26.3) Fighting
 O Level 27(26.3) Axes
 + Level 22.9(22.3) Armour
 * Level 20.2(19.6) Dodging
   Level 3.2(2.9) Shields
 + Level 13.1(12.6) Invocations


You had 26 spell levels left.
You didn't know any spells.
Your spell library contained the following spells:

 Spells                   Type           Power        Failure   Level  Hunger
 Animate Skeleton         Necr           N/A          86%         1    ##.....
 Confusing Touch          Hex            #.....       86%         1    ##.....
 Corona                   Hex            #......      86%         1    ##.....
 Flame Tongue             Conj/Fire      #....        86%         1    ##.....
 Freeze                   Ice            #...         86%         1    ##.....
 Pain                     Necr           #...         86%         1    ##.....
 Sandblast                Erth           #.....       86%         1    ##.....
 Shock                    Conj/Air       #...         86%         1    ##.....
 Blink                    Tloc           N/A          94%         2    ###....
 Corpse Rot               Necr           N/A          94%         2    ###....
 Ensorcelled Hibernation  Hex/Ice        #.....       94%         2    ###....
 Passwall                 Tmut/Erth      #.......     94%         2    ###....
 Poisonous Vapours        Pois/Air       #.....       94%         2    ###....
 Shroud of Golubria       Chrm/Tloc      #.........   94%         2    ###....
 Sublimation of Blood     Necr           #.........   94%         2    ###....
 Swiftness                Chrm/Air       #.......     94%         2    ###....
 Throw Flame              Conj/Fire      #.....       94%         2    ###....
 Throw Frost              Conj/Ice       #.....       94%         2    ###....
 Confuse                  Hex            #.......     99%         3    ####...
 Conjure Flame            Conj/Fire      #.......     99%         3    ####...
 Dazzling Spray           Conj/Hex       #.....       99%         3    ####...
 Gell's Gravitas          Tloc           #.........   99%         3    ####...
 Inner Flame              Hex/Fire       #.......     99%         3    ####...
 Lesser Beckoning         Tloc           #.........   99%         3    ####...
 Mephitic Cloud           Conj/Pois/Air  #.......     99%         3    ####...
 Ozocubu's Armour         Chrm/Ice       #.......     99%         3    ####...
 Recall                   Summ/Tloc      N/A          99%         3    ####...
 Regeneration             Chrm/Necr      #.........   99%         3    ####...
 Static Discharge         Conj/Air       #.......     99%         3    ####...
 Stone Arrow              Conj/Erth      #.....       99%         3    ####...
 Teleport Other           Tloc           #.......     99%         3    ####...
 Tukima's Dance           Hex            #.......     99%         3    ####...
 Vampiric Draining        Necr           #.........   99%         3    ####...
 Airstrike                Air            #.........   100%        4    #####..
 Animate Dead             Necr           N/A          100%        4    #####..
 Ice Form                 Ice/Tmut       #.......     100%        4    #####..
 Petrify                  Tmut/Erth      #.......     100%        4    #####..
 Sticky Flame             Conj/Fire      #.......     100%        4    #####..
 Summon Ice Beast         Ice/Summ       #.......     100%        4    #####..
 Summon Lightning Spire   Summ/Air       #.......     100%        4    #####..
 Throw Icicle             Conj/Ice       #.......     100%        4    #####..
 Agony                    Necr           #.......     100%        5    ######.
 Aura of Abjuration       Summ           #.........   100%        5    ######.
 Bolt of Draining         Conj/Necr      #.........   100%        5    ######.
 Bolt of Magma            Conj/Fire/Erth #.........   100%        5    ######.
 Borgnjor's Vile Clutch   Necr/Erth      #.........   100%        5    ######.
 Dispel Undead            Necr           #.......     100%        5    ######.
 Excruciating Wounds      Chrm/Necr      #.........   100%        5    ######.
 Fireball                 Conj/Fire      #.........   100%        5    ######.
 Lee's Rapid Deconstruct  Erth           #.........   100%        5    ######.
 Lightning Bolt           Conj/Air       #.........   100%        5    ######.
 Metabolic Englaciation   Hex/Ice        #.........   100%        5    ######.
 Silence                  Hex/Air        #.........   100%        5    ######.
 Summon Demon             Summ           #.........   100%        5    ######.
 Summon Forest            Summ/Tloc      #.........   100%        5    ######.
 Summon Mana Viper        Hex/Summ       #.......     100%        5    ######.
 Yara's Violent Unravell  Hex/Tmut       #.........   100%        5    ######.
 Conjure Ball Lightning   Conj/Air       #.........   100%        6    #######
 Darkness                 Hex            #.........   100%        6    #######
 Death Channel            Necr           #.........   100%        6    #######
 Deflect Missiles         Chrm/Air       #.........   100%        6    #######
 Dispersal                Tloc           #.........   100%        6    #######
 Freezing Cloud           Conj/Ice/Air   #.........   100%        6    #######
 Shadow Creatures         Summ           N/A          100%        6    #######
 Simulacrum               Ice/Necr       #.........   100%        6    #######
 Haunt                    Necr/Summ      #.........   100%        7    #######
 Ring of Flames           Chrm/Fire      #.........   100%        7    #######
 Borgnjor's Revivificati  Necr           #.........   100%        8    #######
 Death's Door             Chrm/Necr      #.........   100%        8    #######
 Infestation              Necr           #.........   100%        8    #######
 Necromutation            Tmut/Necr      #.........   100%        8    #######
 Tornado                  Air            #.........   100%        9    #######
 Passage of Golubria      Tloc           Unusable     N/A         4    N/A

Dungeon Overview and Level Annotations

Branches:
Dungeon (15/15)            Temple (1/1) D:6            Lair (6/6) D:8
  Swamp (4/4) Lair:4       Spider (4/4) Lair:2        Slime (1/5) Lair:5
    Orc (2/2) D:12            Elf (0/3) Orc:2        Vaults (5/5) D:14
  Crypt (0/3) Vaults:3     Depths (5/5) D:15           Hell (1/1)
    Zot (5/5) Depths:5
    Dis: Hell:1         Geh: Hell:1         Coc: Hell:1         Tar: Hell:1

Altars:
Ashenzari
Cheibriados
Dithmenos
Elyvilon
Fedhas
Gozag
Hepliaklqana
Kikubaaqudgha
Makhleb
Nemelex Xobeh
Okawaru
Qazlal
Ru
Sif Muna
Trog
Uskayaw
Vehumet
Wu Jian
Xom
Yredelemnul
Zin
The Shining One
Beogh
Lugonu

Shops:
D:8 (   D:15 *[![   Orc:1 [   Orc:2 ?}[((   Zot:1 *   Depths:1 *

Portals:
Hell: Depths:1 Depths:2 Depths:3 Depths:4 Depths:5
Abyss: Depths:3 Depths:4
Pandemonium: Depths:3
Ziggurat: Depths:2
Trove: Vaults:3 (give 5 scrolls of blinking)

Annotations:
Lair:3 2 runed translucent doors, BorisKarlOrff's ghost, journeyman MiCK
Spider:4 1 runed translucent door, P0WERM0DE's ghost, adept DDCK
Vaults:2 Xtahua
Vaults:4 exclusion: flayed ghost
Hell Geryon
Zot:4 2 transporters, Ge0ff's ghost, veteran KoGl


Innate Abilities, Weirdness & Mutations

Scrolls take you a little longer to read.
You are clumsy. (Dex -2)
Your flesh is cold resistant. (rC+)
You are very frail. (-20% HP)


Message History

Okay, then.
You feel yourself speed up.
The Executioner hits you but does no damage.
The Executioner barely misses you. The Executioner misses you.
The Executioner hits you but does no damage. x3
Eje Mei hits you!
* * * LOW HITPOINT WARNING * * *
The Executioner barely misses you. The Executioner closely misses you.
The Executioner hits you but does no damage.
Eje Mei hits you but does no damage.
You are more poisoned.
Okay, then.
You feel better. The Executioner closely misses you. The Executioner hits you.
* * * LOW HITPOINT WARNING * * *
The Executioner hits you but does no damage.
The Executioner hits you.
* * * LOW HITPOINT WARNING * * *
The Executioner hits you but does no damage. x2
The sixfirhy closely misses you. Eje Mei hits you!
You die...

*▓....^.........^...^....▓▓
*▓........[.............▓.
▓▓.........^..).^........
▓▓.....................(▓.
▓▓.............D.........▓▓
▓............q.....^.....▓▓
▓........................#
▓▓.........3............##
▓▓.......@&..........▓##
▓▓......^1....)..▓▓▓▓
▓▓^...z##▓▓▓▓▓▓▓▓▓▓▓#
*#.........^.........###
*#................##..).##
*#................^.###)^.#
*....................###..)
*....................# ##.)
*^...............)...# #)=


You could see Eje Mei, a black draconian knight, a death cob, a quicksilver
dragon, an Executioner and a sixfirhy.

Vanquished Creatures
  2 ancient liches
  4 orbs of fire
  2 juggernauts
  6 Killer Klowns (Zot:5)
  5 caustic shrikes
  8 golden dragons
  An electric golem (Zot:4)
  16 tentacled monstrosities
  2 liches
  3 titans
  26 Orb Guardians (Zot:5)
  4 quicksilver dragons
  An acid blob (Lair:5)
  5 death cobs
  4 sphinxes
  Gastronok (Lair:3)
  9 tengu reavers
  A thorn hunter (Swamp:2)
  14 shadow dragons
  8 storm dragons
  2 azure jellies (Lair:5)
  3 draconian monks
  8 fire giants
  11 frost giants
  16 vault wardens
  2 ghost moths (Spider:4)
  3 iron dragons
  2 juggernaut zombies (Depths:3)
  8 draconian scorchers
  4 draconian knights
  6 draconian shifters
  An emperor scorpion (shapeshifter) (Depths:4)
  A ghoul (Swamp:3)
  7 draconian stormcallers
  8 emperor scorpions
  10 orc warlords
  10 draconian annihilators
  19 ironheart preservers
  12 very ugly things
  15 stone giants
  A war gargoyle (Vaults:5)
  7 entropy weavers
  3 spriggan defenders
  17 green draconians
  5 deep elf demonologists
  7 black draconians
  2 deep elf annihilators
  8 yellow draconians
  5 spark wasps
  14 white draconians
  18 red draconians
  10 purple draconians
  17 ettins
  Snorg (D:13)
  A merfolk javelineer (Depths:2)
  16 fire dragons
  7 great orbs of eyes
  Josephine (D:10)
  Erolcha (D:11)
  A hell beast (Depths:4)
  12 yaktaur captains
  37 vault guards
  11 ice dragons
  2 spriggan air magi (Depths:3)
  A caustic shrike simulacrum (Depths:4)
  16 hydras
  4 rakshasas
  A shambling mangrove (Swamp:3)
  18 ogre magi
  41 two-headed ogres
  5 death knights
  10 centaur warriors
  A two-headed ogre (shapeshifter) (Vaults:5)
  A satyr (shapeshifter) (Vaults:1)
  9 alligators
  A catoblepas (D:13)
  10 deep troll earth magi
  3 vampire magi
  A death yak (Lair:5)
  8 deep troll shamans
  4 orc high priests
  A hell knight (Depths:3)
  4 tengu warriors
  10 spriggan berserkers
  5 deep elf knights
  A soul eater (Depths:4)
  Sonja (Lair:2)
  A storm dragon zombie (Vaults:5)
  An unseen horror (shapeshifter) (Depths:5)
  8 glowing orange brains
  23 deep trolls
  A shadow wraith (Vaults:4)
  7 flayed ghosts
  4 deep elf archers
  17 ironbrand convokers
  4 unseen horrors
  11 swamp dragons
  10 wizards
  2 phantasmal warriors (Vaults:4)
  A tengu zombie (Vaults:2)
  Pikel (D:8)
  28 wolf spiders
  An orange crystal statue (Vaults:4)
  8 necromancers
  9 orc sorcerers
  An orb spider (shapeshifter) (Vaults:1)
  A harpy (shapeshifter) (Depths:3)
  2 lindwurms (Lair:6)
  A frost giant zombie (Vaults:2)
  22 orc knights
  A shining eye (Slime:1)
  A wolf spider (shapeshifter) (Vaults:5)
  2 oklob plants (Lair:4)
  A faun (shapeshifter) (Vaults:5)
  9 cyclopes
  A human zombie (Vaults:5)
  7 orb spiders
  2 manticores
  9 deep elf magi
  42 ugly things
  A fire giant skeleton (Depths:1)
  2 salamanders (shapeshifter)
  23 moths of wrath
  A stone giant skeleton (Depths:1)
  8 black mambas
  8 elephants
  A salamander (Depths:1)
  An elephant (shapeshifter) (Vaults:3)
  17 vault sentinels
  A guardian serpent (shapeshifter) (Vaults:4)
  3 centaur zombies (D:15)
  A rust devil (Depths:4)
  Maurice (D:13)
  Joseph (D:10)
  3 torpor snails
  A black mamba (shapeshifter) (D:15)
  A smoke demon (Volcano)
  A titan simulacrum (Vaults:5)
  2 molten gargoyles (Lair:6)
  5 gargoyles
  An eye of devastation (shapeshifter) (Vaults:2)
  A rime drake (shapeshifter) (Depths:2)
  13 spiny frogs
  39 yaktaurs
  12 komodo dragons
  8 demonic crawlers
  3 freezing wraiths
  A komodo dragon (shapeshifter) (Vaults:4)
  A spriggan zombie (Depths:1)
  An anaconda simulacrum (Lair:4)
  2 efreet
  A yaktaur (shapeshifter) (Depths:3)
  A queen bee (shapeshifter) (Depths:3)
  3 red devils (Volcano)
  27 jumping spiders
  18 trolls
  4 dancing weapons
  A harpy zombie (D:14)
  A hornet (shapeshifter) (Vaults:1)
  A shadow dragon simulacrum (Vaults:3)
  2 meliai (shapeshifter)
  10 tyrant leeches
  18 hornets
  11 bog bodies
  2 wolf spider simulacra (Lair:4)
  5 hippogriffs
  6 blink frogs
  A hippogriff (shapeshifter) (Depths:3)
  A slime creature (shapeshifter) (Vaults:5)
  66 slime creatures
  An ettin zombie (Depths:1)
  78 redbacks
  4 flying skulls (Depths:4)
  A meliai zombie (D:14)
  A human simulacrum (Vaults:2)
  A centaur simulacrum (D:14)
  10 spriggans
  7 shadows
  6 wyverns
  A vampire (D:14)
  4 water elementals (Depths:2)
  18 tarantellas
  33 yaks
  A human (shapeshifter) (Vaults:2)
  A basilisk (shapeshifter) (Depths:1)
  A redback (shapeshifter) (D:15)
  A tarantella (shapeshifter) (D:13)
  23 fire elementals
  6 wraiths
  9 basilisks
  18 vampire mosquitoes
  A steam dragon (Lair:6)
  Grum (D:8)
  18 humans (D:14)
  2 fire bats (Depths:1)
  Menkaure (D:7)
  2 hungry ghosts (D:11)
  6 insubstantial wisps (Swamp:2)
  15 wargs
  A harpy simulacrum (IceCv)
  4 water moccasins
  18 swamp worms
  A soldier ant (shapeshifter) (Vaults:4)
  2 floating eyes
  4 acid dragons
  2 floating eyes (shapeshifter)
  4 porcupines
  5 hell hounds
  71 orc warriors
  A black bear (Lair:2)
  9 ice beasts
  7 swamp drakes
  4 slaves (D:8)
  2 necrophages
  3 sky beasts
  An eye of draining (shapeshifter) (Vaults:1)
  An eye of draining (Slime:1)
  8 boggarts
  A phantom (D:8)
  36 ogres
  16 centaurs
  9 wolves
  13 crocodiles
  3 big kobolds
  18 bullfrogs
  2 human skeletons (Vaults:2)
  A spiny frog simulacrum (Lair:4)
  A wyvern zombie (D:7)
  2 scorpions
  3 wyvern skeletons
  A blink frog simulacrum (Lair:4)
  15 killer bees
  4 wights (D:14)
  3 howler monkeys (D:9)
  3 electric eels (Lair:6)
  9 crimson imps
  A bullfrog zombie (D:13)
  5 lava snakes (Lair:6)
  A wyvern simulacrum (D:14)
  A draconian simulacrum (IceCv)
  6 hounds
  A bullfrog skeleton (D:6)
  23 orc priests
  6 jellies
  A quasit (D:11)
  2 centaur skeletons
  Ijyb (D:3)
  3 iguanas
  19 orc wizards
  18 worker ants
  A troll simulacrum (IceCv)
  A worker ant zombie (D:10)
  3 gnolls (D:4)
  11 adders
  An ogre simulacrum (IceCv)
  A river rat (Sewer)
  4 shadow imps
  An ufetubus (IceCv)
  4 oozes
  2 adder zombies
  An adder skeleton (D:5)
  6 worms
  2 dart slugs (D:1)
  3 leopard geckos
  118 orcs
  9 giant cockroaches
  11 goblins
  10 hobgoblins
  16 jackals
  3 quokkas
  A ball python (D:4)
  7 bats
  6 frilled lizards
  A jackal skeleton (D:4)
  14 kobolds
  A quokka zombie (D:6)
  9 rats
  3 fungi
  7 plants
  2 withered plants (Swamp:3)
2118 creatures vanquished.

Vanquished Creatures (collateral kills)
  An orb of fire (Zot:5)
  An ancient lich (Zot:5)
  An entropy weaver (Spider:2)
  A white draconian (Zot:3)
  An ettin (Orc:1)
  2 vault guards (Vaults:1)
  2 hydras
  An ogre mage (Vaults:4)
  A two-headed ogre (Orc:1)
  A spriggan druid (Swamp:4)
  A swamp dragon (Swamp:4)
  2 orc knights
  An ironbrand convoker (Vaults:1)
  7 wolf spiders
  2 elephants (Lair:2)
  A yaktaur (Vaults:1)
  A polar bear (Lair:2)
  2 jumping spiders
  A troll (Orc:2)
  A hornet (Spider:1)
  2 blink frogs (Lair:3)
  A hippogriff (Lair:2)
  6 redbacks
  6 tarantellas
  A basilisk (Lair:2)
  5 orc warriors (Orc:2)
  An ogre (Vaults:4)
  6 orc priests
  An orc wizard (Orc:1)
  6 orcs
  A fungus (Lair:3)
67 creatures vanquished.

Vanquished Creatures (others)
  A fire giant (Depths:4)
  An orc warlord (Spider:2)
  Nessos (D:12)
  A white draconian (Zot:3)
  A green death (Zot:5)
  An orc high priest (Spider:1)
  A two-headed ogre (Vaults:4)
  4 orc knights
  A yaktaur (Vaults:4)
  A fire elemental (Zot:3)
  A vampire mosquito (Swamp:2)
  A steam dragon (Lair:6)
  A porcupine (Lair:5)
  9 orc warriors
  8 orc priests
  6 orc wizards
  An adder (D:9)
  A white imp (IceCv)
  3 ufetubi (IceCv)
  22 orcs
  A goblin (D:3)
  A kobold (D:3)
  5 fungi
  19 plants
  19 withered plants (Swamp:3)
111 creatures vanquished.

Grand Total: 2296 creatures vanquished

Notes
Turn   | Place    | Note
-------+----------+-------------------------------------------
     0 | D:1      | u8823 the Hill Orc Fighter began the quest for the Orb.
     0 | D:1      | Reached XP level 1. HP: 19/19 MP: 1/1
    50 | D:1      | Reached XP level 2. HP: 12/27 MP: 2/2
   282 | D:1      | Reached XP level 3. HP: 30/33 MP: 3/3
  1033 | D:2      | Found a sparkling altar of Nemelex Xobeh.
  1180 | D:2      | Reached XP level 4. HP: 24/40 MP: 4/4
  1829 | D:2      | Found a shimmering altar of Xom.
  2344 | D:3      | Found an ancient bone altar of Kikubaaqudgha.
  2345 | D:3      | Found a burning altar of Makhleb.
  2349 | D:3      | Reached skill level 5 in Axes
  2350 | D:3      | Found a hazy altar of Hepliaklqana.
  2530 | D:3      | Noticed Ijyb
  2549 | D:3      | Killed Ijyb
  2549 | D:3      | Reached XP level 5. HP: 44/47 MP: 5/5
  3220 | D:4      | Noticed an ogre
  3227 | D:4      | Killed an ogre
  3227 | D:4      | Reached XP level 6. HP: 53/53 MP: 6/6
  3438 | D:4      | Found a shadowy altar of Dithmenos.
  4004 | D:5      | Entered Level 5 of the Dungeon
  4086 | D:5      | Found a glowing drain.
  4117 | Sewer    | Entered a sewer
  4145 | Sewer    | Reached skill level 5 in Armour
  4220 | Sewer    | Reached skill level 5 in Fighting
  4220 | Sewer    | Reached XP level 7. HP: 59/61 MP: 7/7
  4240 | Sewer    | Found a white marble altar of Elyvilon.
  4350 | D:5      | Found an opulent altar of Gozag.
  4815 | D:5      | Found an ornate altar of the Wu Jian Council.
  5264 | D:6      | Reached XP level 8. HP: 69/70 MP: 8/8
  5639 | D:6      | Found a staircase to the Ecumenical Temple.
  5862 | D:6      | Gained mutation: You are surrounded by a mild repulsion
                  | field. (EV +2) [potion of mutation]
  5862 | D:6      | Gained mutation: You are somewhat resistant to further
                  | mutation. [potion of mutation]
  5863 | D:6      | Lost mutation: You are surrounded by a mild repulsion
                  | field. (EV +2) [potion of mutation]
  5863 | D:6      | Lost mutation: You are somewhat resistant to further
                  | mutation. [potion of mutation]
  5863 | D:6      | Gained mutation: Your spells are a little harder to cast,
                  | but a little more powerful. [potion of mutation]
  5863 | D:6      | Gained mutation: You expend magic power (3 MP) to
                  | strengthen your wands. [potion of mutation]
  6188 | D:7      | Reached skill level 10 in Axes
  6264 | D:7      | Noticed Menkaure
  6271 | D:7      | Killed Menkaure
  7114 | D:8      | Found Zaxzoxzots's Antique Weapon Shop.
  7152 | D:8      | Noticed Pikel
  7180 | D:8      | Killed Pikel
  7180 | D:8      | Reached XP level 9. HP: 54/79 MP: 7/9
  7430 | D:8      | Found a staircase to the Lair.
  7430 | D:8      | Noticed an elephant
  7455 | D:8      | Killed an elephant
  7604 | D:8      | Noticed Grum
  7615 | D:8      | Reached XP level 10. HP: 88/88 MP: 10/10
  7633 | D:8      | Killed Grum
  8220 | Lair:1   | Entered Level 1 of the Lair of Beasts
  8227 | D:8      | Reached skill level 10 in Fighting
  8227 | D:8      | Reached skill level 15 in Axes
  8227 | D:8      | Reached XP level 11. HP: 100/100 MP: 10/15
  8229 | D:8      | Reached XP level 12. HP: 110/110 MP: 10/16
  8630 | Lair:1   | Noticed a seven-headed hydra
  9049 | D:9      | Found an iron altar of Okawaru.
  9084 | D:9      | Became a worshipper of Beogh the Brigand
  9322 | D:9      | Found a hide-covered altar of Uskayaw.
  9454 | D:10     | Entered Level 10 of the Dungeon
  9532 | D:10     | Noticed Josephine
  9551 | D:10     | Noticed Joseph
  9553 | D:10     | Killed Josephine
  9561 | D:10     | Killed Joseph
  9561 | D:10     | Reached * piety under Beogh
 10439 | D:11     | Noticed Erolcha
 10447 | D:11     | Killed Erolcha
 10986 | D:11     | Reached ** piety under Beogh
 11256 | D:11     | Reached XP level 13. HP: 82/119 MP: 17/17
 12093 | D:13     | Noticed Snorg
 12166 | D:12     | Found a shadowy altar of Dithmenos.
 12224 | D:12     | Got a clouded platinum amulet
 12332 | D:12     | Noticed Nessos
 12352 | D:12     | Killed Nessos
 12652 | D:11     | Identified the amulet of Nolyg {MR+ Regen+} (You found it
                  | on level 12 of the Dungeon)
 12957 | D:12     | Found a staircase to the Orcish Mines.
 12964 | Orc:1    | Entered Level 1 of the Orcish Mines
 13068 | Orc:1    | Found a bloodstained altar of Trog.
 13216 | Orc:1    | Reached *** piety under Beogh
 13487 | Orc:1    | Found a transporter.
 13491 | Orc:1    | Noticed an ettin
 13571 | Orc:1    | Found Kumos's Antique Armour Shop.
 13856 | Orc:1    | Found a roughly hewn altar of Beogh.
 13856 | Orc:1    | Found a transporter.
 13943 | Orc:2    | Entered Level 2 of the Orcish Mines
 13951 | Orc:2    | Noticed an ettin
 14101 | Orc:2    | Killed an ettin
 14243 | Orc:2    | Found a staircase to the Elven Halls.
 14284 | Orc:2    | Found Qotreino's Antique Weapon Boutique.
 14341 | Orc:2    | Bought a smoking war axe for 246 gold pieces
 14341 | Orc:2    | Identified the +9 war axe of Calamity {chop, rElec Int+4}
                  | (You bought it in a shop on level 2 of the Orcish Mines)
 14547 | Orc:2    | Found a roughly hewn altar of Beogh.
 14551 | Orc:2    | Found Meluc's Gadget Shop.
 14620 | Orc:2    | Found a roughly hewn altar of Beogh.
 14656 | Orc:2    | Found a roughly hewn altar of Beogh.
 14710 | Orc:2    | Found a roughly hewn altar of Beogh.
 14712 | Orc:2    | Found Soc Nor's Magic Scroll Shoppe.
 14851 | Orc:2    | Noticed an orc warlord
 14855 | Orc:2    | Gained Warbeogh as an ally
 14855 | Orc:2    | Your ally Warbeogh died
 14856 | Orc:2    | Found Xiphuv's Antique Armour Shop.
 14858 | Orc:2    | Found a roughly hewn altar of Beogh.
 14875 | Orc:2    | Found Butif's Antique Weapon Boutique.
 14945 | Orc:2    | Bought a polished hand axe for 272 gold pieces
 14945 | Orc:2    | Identified the +8 hand axe of Lafof {protect, Fragile
                  | Dex+5} (You bought it in a shop on level 2 of the Orcish
                  | Mines)
 15089 | Orc:2    | Found a roughly hewn altar of Beogh.
 15175 | Orc:1    | Reached **** piety under Beogh
 15209 | Orc:1    | Killed an ettin
 15234 | Orc:1    | Got a smoking cloak
 15248 | Orc:1    | Identified the +3 cloak "Vaofe" {Str+3 Int+4} (You found it
                  | on level 1 of the Orcish Mines)
 16072 | Lair:2   | Reached XP level 14. HP: 128/133 MP: 18/18
 16234 | Lair:2   | Found a hole to the Spider Nest.
 16251 | Spider:1 | Entered Level 1 of the Spider Nest
 16254 | Spider:1 | Noticed an emperor scorpion
 16273 | Spider:1 | Killed an emperor scorpion
 17041 | Spider:1 | Reached skill level 15 in Fighting
 17752 | Spider:2 | Noticed an entropy weaver
 17752 | Spider:2 | Noticed an entropy weaver
 17758 | Spider:2 | Killed an entropy weaver
 17777 | Spider:2 | Killed an entropy weaver
 18390 | Spider:2 | Found a frozen archway.
 18420 | IceCv    | Entered an ice cave
 18871 | Spider:2 | Reached XP level 15. HP: 141/141 MP: 18/21
 19036 | Spider:2 | Noticed an emperor scorpion
 19051 | Spider:2 | Killed an emperor scorpion
 19258 | Spider:2 | Got a shimmering bardiche
 19259 | Spider:2 | You fall through a shaft!
 21118 | Spider:4 | Entered Level 4 of the Spider Nest
 21730 | Lair:2   | Noticed Sonja
 21732 | Lair:2   | Killed Sonja
 21894 | Lair:2   | Reached XP level 16. HP: 102/152 MP: 22/22
 22234 | Lair:3   | Noticed Gastronok
 22287 | Lair:3   | Killed Gastronok
 22427 | Lair:3   | Found a large runed translucent door.
 22427 | Lair:3   | Found a large runed translucent door.
 22448 | Lair:3   | Noticed BorisKarlOrff's ghost (journeyman MiCK)
 22592 | Lair:3   | Found a dark tunnel.
 22622 | Volcano  | Entered a volcano
 24156 | Lair:4   | Paralysed by a floating eye for 3 turns
 24370 | Lair:4   | Found a transporter.
 24375 | Lair:4   | Found a staircase to the Swamp.
 24391 | Lair:4   | Found a transporter.
 24824 | Swamp:1  | Entered Level 1 of the Swamp
 24831 | Swamp:1  | Paralysed by a hornet for 1 turns
 25066 | Lair:5   | Found a staircase to the Slime Pits.
 26066 | Lair:6   | Entered Level 6 of the Lair of Beasts
 26599 | Lair:6   | Found a large runed translucent door.
 27108 | Lair:6   | Found a large runed translucent door.
 27822 | D:8      | Bought the +8 frozen axe "Frostbite" {freezing cloud,
                  | *Noise +Fly rC+} for 1482 gold pieces
 27822 | D:8      | Found the +8 frozen axe "Frostbite" {freezing cloud, *Noise
                  | +Fly rC+}
 27877 | Temple   | Entered the Ecumenical Temple
 28363 | D:3      | Fell from the grace of Beogh
 28363 | D:3      | Became a worshipper of Makhleb the Destroyer
 28819 | Spider:3 | Reached skill level 15 in Armour
 28999 | Spider:4 | Reached * piety under Makhleb
 29144 | Spider:4 | Reached XP level 17. HP: 137/165 MP: 21/23
 29302 | Spider:4 | Reached ** piety under Makhleb
 29512 | Spider:4 | Identified Sif Muna's Volume of the Freezing Birds
 29605 | Spider:4 | Found a runed translucent door.
 29606 | Spider:4 | Noticed P0WERM0DE's ghost (adept DDCK)
 29818 | Spider:4 | Reached *** piety under Makhleb
 30118 | Spider:4 | Got a gossamer rune of Zot
 31220 | D:13     | Killed Snorg
 31490 | D:13     | Reached **** piety under Makhleb
 31566 | D:13     | Noticed Maurice
 31570 | D:13     | Killed Maurice
 32083 | D:14     | Got a twitching golden ring
 32093 | D:14     | Got a scintillating wooden ring
 32096 | D:14     | Got a translucent lead ring
 32115 | D:14     | Got a translucent pewter ring
 32314 | D:14     | Identified the ring of Yendor {MP-9 Str+5 Dex+3 Stlth+}
                  | (You found it on level 14 of the Dungeon)
 32318 | D:14     | Identified the ring "Hyiqoo" {Fire rElec Str+2 Int+3 Dex+3
                  | Stlth+} (You found it on level 14 of the Dungeon)
 32320 | D:14     | Identified the ring of False Hope {+Fly rN+ MP+9 SInv} (You
                  | found it on level 14 of the Dungeon)
 32322 | D:14     | Identified the ring of Oday {Ice +Fly rN+} (You found it on
                  | level 14 of the Dungeon)
 32644 | D:14     | Reached ***** piety under Makhleb
 32692 | D:14     | Reached XP level 18. HP: 176/176 MP: 15/24
 32711 | D:14     | Found a gate to the Vaults.
 35625 | Swamp:4  | Entered Level 4 of the Swamp
 36836 | Swamp:4  | Got a decaying rune of Zot
 37397 | Lair:4   | Identified a scroll of acquirement
 37843 | Slime:1  | Entered Level 1 of the Pits of Slime
 38095 | Slime:1  | Gained mutation: You are dopey. (Int -2) [a shining eye]
 38102 | Slime:1  | Gained mutation: You are weak. (Str -2) [a shining eye]
 38105 | Slime:1  | Gained mutation: You are frail. (-10% HP) [a shining eye]
 38811 | Vaults:1 | Entered Level 1 of the Vaults
 39204 | Vaults:1 | Reached XP level 19. HP: 166/166 MP: 12/25
 39220 | Vaults:1 | Paralysed by an ogre mage for 3 turns
 39555 | Vaults:1 | Reached ****** piety under Makhleb
 39918 | Vaults:1 | Got a pair of scorched boots
 39929 | Vaults:1 | Identified the +0 pair of boots "Xuoptan" {rElec Str+3}
                  | (You acquired it on level 1 of the Vaults)
 39974 | Vaults:1 | Reached skill level 1 in Dodging
 40933 | Vaults:2 | Identified the cursed +0 rapier of Equilibrium {pierce, rC+
                  | rN+}
 40935 | Vaults:2 | Noticed Xtahua
 41089 | Vaults:2 | Reached XP level 20. HP: 178/178 MP: 18/27
 41429 | Vaults:2 | Reached skill level 5 in Dodging
 41665 | Vaults:2 | Got a warped silver ring
 41813 | Vaults:2 | Identified the ring "Itel" {Wiz *Corrode +Inv rPois MR++}
                  | (You found it on level 2 of the Vaults)
 42499 | Vaults:3 | Found a portal to a secret trove of treasure.
 42613 | Vaults:3 | Found a staircase to the Crypt.
 42763 | Vaults:3 | Reached skill level 27 in Axes
 43052 | Vaults:3 | Was forgiven by Beogh
 43606 | Vaults:4 | Reached XP level 21. HP: 186/186 MP: 19/28
 44059 | Vaults:4 | Reached skill level 10 in Dodging
 44519 | Vaults:4 | Found a gateway to a bazaar.
 44540 | Bazaar   | Entered a bazaar
 44540 | Bazaar   | Found Imuozel's Weapon Shoppe.
 44540 | Bazaar   | Found Juvvobeg's Weapon Emporium.
 44624 | Bazaar   | Found Buofax's Gadget Shoppe.
 44624 | Bazaar   | Found Unoyp's Antique Armour Emporium.
 44681 | Bazaar   | Bought a wand of digging (6) for 300 gold pieces
 45289 | Vaults:5 | Entered Level 5 of the Vaults
 45382 | Vaults:5 | Noticed an ancient lich
 45864 | Vaults:4 | Killed an ancient lich
 45870 | Vaults:5 | Reached XP level 22. HP: 195/195 MP: 20/29
 46349 | Vaults:5 | Noticed a golden dragon
 46358 | Vaults:5 | Killed a golden dragon
 46591 | Vaults:5 | Got a silver rune of Zot
 46624 | Vaults:5 | Identified the Almanac of the Quantum Blaze
 46627 | Vaults:5 | Got a twitching bronze ring
 47058 | D:13     | Identified the ring "Xuaroy Bojab" {rElec MR+ EV+2 Str+4}
                  | (You found it on level 5 of the Vaults)
 47061 | D:13     | Lost mutation: You are frail. (-10% HP) [potion of
                  | mutation]
 47061 | D:13     | Lost mutation: You expend magic power (3 MP) to strengthen
                  | your wands. [potion of mutation]
 47061 | D:13     | Gained mutation: You possess an exceptional clarity of
                  | mind. [potion of mutation]
 47061 | D:13     | Gained mutation: Your body sometimes deteriorates upon
                  | taking damage. [potion of mutation]
 47061 | D:13     | Gained mutation: You have sharp fingernails. [potion of
                  | mutation]
 47350 | D:15     | Entered Level 15 of the Dungeon
 47424 | D:15     | Found Fulyewos's Distillery.
 47447 | D:15     | Bought a potion of haste for 140 gold pieces
 47447 | D:15     | Bought a potion of mutation for 112 gold pieces
 47447 | D:15     | Bought a potion of mutation for 112 gold pieces
 47450 | D:15     | Lost mutation: You are dopey. (Int -2) [potion of mutation]
 47450 | D:15     | Lost mutation: You have sharp fingernails. [potion of
                  | mutation]
 47450 | D:15     | Lost mutation: You are weak. (Str -2) [potion of mutation]
 47450 | D:15     | Gained mutation: Your muscles are strong. (Str +2) [potion
                  | of mutation]
 47483 | D:15     | Found Serricoa's Armour Boutique.
 47547 | D:15     | Found Opreubuh's Armour Shop.
 47644 | D:15     | Found Banips's Assorted Antiques.
 47652 | D:15     | Bought a scroll of blinking for 300 gold pieces
 47652 | D:15     | Bought a scroll of teleportation for 120 gold pieces
 47929 | D:15     | Found a staircase to the Depths.
 48152 | Depths:1 | Entered Level 1 of the Depths
 48168 | Depths:1 | Found a gateway to Hell.
 48227 | Depths:1 | Found Detz's Mass Market.
 48337 | Depths:1 | Noticed a caustic shrike
 48344 | Depths:1 | Killed a caustic shrike
 48523 | Depths:1 | Noticed a juggernaut
 48528 | Depths:1 | Found a bloodstained altar of Trog.
 48529 | Depths:1 | Found the cursed necklace of Bloodlust {*Rage +Rage MR++
                  | Int-3 Slay+6 *Curse}
 48708 | Depths:1 | Reached XP level 23. HP: 227/227 MP: 21/30
 48723 | Depths:1 | Found Imatis's Distillery.
 48747 | Depths:1 | Found a transporter.
 48987 | Depths:2 | Noticed a juggernaut
 49001 | Depths:2 | Killed a juggernaut
 49275 | Depths:2 | Found a gateway to a ziggurat.
 50349 | Depths:1 | Found a transporter.
 50349 | Depths:1 | Found a runed translucent door.
 50378 | Depths:1 | HP: 11/229 [juggernaut (63)]
 50785 | Depths:3 | Found a one-way gate leading to the halls of Pandemonium.
 50794 | Depths:3 | Found a one-way gate to the infinite horrors of the Abyss.
 50990 | Depths:3 | Noticed a caustic shrike
 51005 | Depths:3 | Killed a caustic shrike
 51108 | Depths:3 | Noticed a golden dragon
 51112 | Depths:3 | Noticed a caustic shrike
 51129 | Depths:3 | Killed a caustic shrike
 51140 | Depths:3 | Killed a golden dragon
 51177 | Depths:3 | Identified the +9 great sword "Qefrit" {freeze, +Fly} (You
                  | found it on level 3 of the Depths)
 51240 | Depths:3 | Reached XP level 24. HP: 238/238 MP: 21/30
 51269 | Depths:3 | Reached skill level 15 in Dodging
 51502 | Depths:3 | Got a distressingly furry hat
 51513 | Depths:3 | Identified the +2 hat "Yniladyid" {rF+ Str-5 Dex+2} (You
                  | acquired it on level 3 of the Depths)
 51604 | Depths:3 | Noticed a caustic shrike
 51604 | Depths:3 | Noticed a juggernaut
 51612 | Depths:3 | Killed a caustic shrike
 51620 | Depths:3 | Killed a juggernaut
 51621 | Depths:3 | Identified the +2 rapier of Weakusk {drain, Int-2 Dex+4}
 52236 | Depths:3 | Got a black opal-encrusted plate armour
 52242 | Depths:3 | Identified the +4 plate armour of the Evening {rF+} (You
                  | found it on level 3 of the Depths)
 52460 | Depths:4 | Found a corrupted altar of Lugonu.
 52642 | Depths:4 | Paralysed by a great orb of eyes for 3 turns
 53027 | Depths:4 | Noticed a caustic shrike
 53028 | Depths:4 | Paralysed by a floating eye for 3 turns
 53033 | Depths:4 | Killed a caustic shrike
 53207 | Depths:4 | Reached XP level 25. HP: 249/249 MP: 21/30
 53641 | Hell     | Entered the Vestibule of Hell
 53641 | Hell     | Noticed Geryon
 53690 | Depths:5 | Entered Level 5 of the Depths
 53816 | Depths:5 | Paralysed by a floating eye for 2 turns
 53853 | Depths:5 | Found a gate to the Realm of Zot.
 54179 | Depths:5 | Found Ynguis's Distillery.
 54712 | Zot:1    | Entered Level 1 of the Realm of Zot
 54834 | Zot:1    | Found a sacrificial altar of Ru.
 54848 | Zot:1    | Got a sparkling tin ring
 55316 | Zot:1    | Found Ischanon's Changing Room.
 55680 | Zot:1    | Identified the ring "Jexzakh" {rN+ Str+4 Stlth+} (You found
                  | it on level 1 of the Realm of Zot)
 56204 | Zot:2    | Reached XP level 26. HP: 260/260 MP: 21/30
 57608 | Zot:3    | Noticed an orb of fire
 57613 | Zot:3    | Gained mutation: You are occasionally teleported next to
                  | monsters. [an orb of fire]
 57621 | Zot:3    | Killed an orb of fire
 58727 | Zot:4    | Reached skill level 10 in Invocations
 58960 | Zot:4    | Lost mutation: Your body sometimes deteriorates upon taking
                  | damage. [potion of mutation]
 58960 | Zot:4    | Lost mutation: Your spells are a little harder to cast, but
                  | a little more powerful. [potion of mutation]
 58960 | Zot:4    | Lost mutation: You possess an exceptional clarity of mind.
                  | [potion of mutation]
 58960 | Zot:4    | Lost mutation: You are occasionally teleported next to
                  | monsters. [potion of mutation]
 58960 | Zot:4    | Gained mutation: Your body sometimes deteriorates upon
                  | taking damage. [potion of mutation]
 58960 | Zot:4    | Lost mutation: Your muscles are strong. (Str +2) [potion of
                  | mutation]
 58960 | Zot:4    | Gained mutation: You tend to lose your temper in combat.
                  | [potion of mutation]
 58960 | Zot:4    | Gained mutation: You expend magic power (3 MP) to
                  | strengthen your wands. [potion of mutation]
 58961 | Zot:4    | Lost mutation: Your body sometimes deteriorates upon taking
                  | damage. [potion of mutation]
 58961 | Zot:4    | Lost mutation: You expend magic power (3 MP) to strengthen
                  | your wands. [potion of mutation]
 58961 | Zot:4    | Gained mutation: Your magical capacity is low. (-10% MP)
                  | [potion of mutation]
 58961 | Zot:4    | Gained mutation: Your body sometimes deteriorates upon
                  | taking damage. [potion of mutation]
 58961 | Zot:4    | Gained mutation: You have supernaturally acute eyesight.
                  | (SInv) [potion of mutation]
 58963 | Zot:4    | Lost mutation: Your body sometimes deteriorates upon taking
                  | damage. [potion of mutation]
 58963 | Zot:4    | Lost mutation: Your magical capacity is low. (-10% MP)
                  | [potion of mutation]
 58963 | Zot:4    | Lost mutation: You tend to lose your temper in combat.
                  | [potion of mutation]
 58963 | Zot:4    | Lost mutation: You have supernaturally acute eyesight.
                  | (SInv) [potion of mutation]
 58963 | Zot:4    | Gained mutation: Your flesh is cold resistant. (rC+)
                  | [potion of mutation]
 58963 | Zot:4    | Gained mutation: Your mind is acute. (Int +2) [potion of
                  | mutation]
 59022 | Zot:4    | Found a transporter.
 59042 | Zot:4    | Identified the +3 glaive "Rummage" {elec, rElec Str+2}
 59050 | Zot:4    | Identified the +6 scimitar of Fasayhiopo {antimagic, Str+3
                  | Dex+4}
 59051 | Zot:4    | Identified the cursed +0 cloak "Kiadiu" {SInv Stlth+}
 59051 | Zot:4    | Noticed Ge0ff's ghost (veteran KoGl)
 59052 | Zot:4    | Identified the +1 cloak of Denwath {+Fly rF+ Dex-5}
 59052 | Zot:4    | Found a bloodstained altar of Trog.
 59052 | Zot:4    | Identified the +6 bardiche of Disaster {freeze, Str+7}
 59063 | Zot:4    | Found a transporter.
 59144 | Zot:5    | Entered Level 5 of the Realm of Zot
 59322 | Zot:5    | Reached XP level 27. HP: 270/270 MP: 21/30
 59547 | Zot:5    | Noticed an orb of fire
 59551 | Zot:5    | Noticed an ancient lich
 59554 | Zot:5    | Noticed an orb of fire
 59563 | Zot:5    | Gained mutation: You are frail. (-10% HP) [an orb of fire]
 59567 | Zot:5    | Noticed an orb of fire
 59568 | Zot:5    | Noticed an ancient lich
 59570 | Zot:5    | Killed an ancient lich
 59573 | Zot:5    | Gained mutation: Scrolls take you a little longer to read.
                  | [an orb of fire]
 59575 | Zot:5    | Killed an orb of fire
 59575 | Zot:5    | Killed an ancient lich
 59576 | Zot:5    | Gained mutation: You are clumsy. (Dex -2) [an orb of fire]
 59578 | Zot:5    | Lost mutation: Your mind is acute. (Int +2) [an orb of
                  | fire]
 59579 | Zot:5    | Killed an orb of fire
 59579 | Zot:5    | Killed an orb of fire
 59601 | Zot:5    | Noticed an orb of fire
 59617 | Zot:5    | Gained mutation: You are very frail. (-20% HP) [an orb of
                  | fire]
 59622 | Zot:5    | Killed an orb of fire
 59732 | Zot:5    | Got the Orb of Zot
 59735 | Zot:5    | Reached skill level 27 in Fighting
 59781 | Zot:5    | Noticed Eje Mei the pandemonium lord
 59847 | Zot:5    | HP: 6/218 [Eje Mei the pandemonium lord (12)]
 59848 | Zot:5    | Mangled by Eje Mei the pandemonium lord

Skill      XL: |  1  2  3  4  5  6  7  8  9 10 11 12 13 14 15 16 17 18 19 20 21 22 23 24 25 26 27 |
---------------+----------------------------------------------------------------------------------+-----
Axes           | 3 4 5 6 7 9 11 13 15 16 17 19 20 22 24 25 26 27 | 27.0
Fighting       | 4 5 7 10 11 12 14 15 16 18 19 20 21 22 23 24 25 26 27 | 27.0
Armour         | 4 5 7 9 11 12 13 14 15 16 17 18 19 20 21 22 | 22.9
Invocations    | 6 8 9 10 13 | 13.1
Dodging        | 3 8 11 13 14 16 17 19 20 | 20.2
Shields        | |  3.2

Action                   |  1- 3 |  4- 6 |  7- 9 | 10-12 | 13-15 | 16-18 | 19-21 | 22-24 | 25-27 || total
-------------------------+-------+-------+-------+-------+-------+-------+-------+-------+-------++-------
Melee: War axe           |   115 |   200 |   252 |   310 |   234 |       |       |       |       ||  1111
       Battleaxe         |       |       |       |       |   466 |   470 |       |       |       ||   936
       Executioner's axe |       |       |       |       |       |   772 |   799 |   834 |   718 ||  3123
Throw: Tomahawk          |       |       |       |       |       |     5 |     3 |       |       ||     8
       Javelin           |       |       |       |       |       |       |       |     1 |       ||     1
Invok: Convert to Beogh  |       |       |       |     1 |       |       |       |       |       ||     1
       Smiting           |       |       |       |       |    27 |    26 |       |       |       ||    53
       Recall Orcish Fol |       |       |       |       |     8 |       |       |       |       ||     8
       Minor Destruction |       |       |       |       |       |     2 |       |       |       ||     2
       Major Destruction |       |       |       |       |       |     1 |     3 |     1 |       ||     5
       Greater Servant o |       |       |       |       |       |     1 |     2 |     1 |     3 ||     7
       Lesser Servant of |       |       |       |       |       |     1 |       |       |       ||     1
 Abil: Evoke Flight      |       |       |       |       |       |     3 |       |       |       ||     3
Evoke: Wand              |       |       |     2 |     1 |     5 |     8 |     5 |     1 |     3 ||    25
       Lightning rod     |       |       |       |       |     1 |       |     3 |       |       ||     4
       Box of beasts     |       |       |       |       |       |       |       |       |     2 ||     2
  Use: Scroll            |       |     8 |     7 |    12 |    13 |    25 |     9 |     7 |     8 ||    89
       Potion            |       |       |     2 |     8 |    19 |     5 |     3 |    11 |    22 ||    70
 Stab: Confused          |       |       |     3 |       |       |     5 |       |       |     1 ||     9
       Distracted        |       |       |       |       |     1 |     2 |     1 |     1 |       ||     5
  Eat: Chunk             |     1 |    10 |     4 |     8 |    11 |    25 |     6 |     4 |    14 ||    83
       Ration            |       |       |     2 |     1 |     7 |    10 |     4 |     6 |     2 ||    32
Armor: Scale mail        |    57 |    71 |    84 |   183 |   524 |   590 |       |       |       ||  1509
       Plate armour      |       |       |       |       |       |   542 |       |    56 |       ||   598
       Crystal plate arm |       |       |       |       |       |   100 |   685 |   543 |   642 ||  1970
Dodge: Dodged            |    33 |    57 |    69 |   142 |   537 |   923 |   424 |   607 |   696 ||  3488
Block: Shield            |    89 |   146 |   200 |   254 |   140 |       |       |       |       ||   829
       Reflection        |       |     9 |     6 |     5 |     7 |       |       |       |       ||    27
